 Dungeon Crawl Stone Soup version 0.22-a0-266-g5fdf0d7 (webtiles) character file.

87423 mhoghedin the Fighter (level 15, -8/122 HPs)
             Began as a Gnoll Wanderer on Mar 8, 2018.
             Was a High Priest of Okawaru.
             Mangled by the 27-headed Lernaean hydra (12 damage)
             ... on level 4 of the Swamp.
             The game lasted 00:55:40 (26712 turns).

mhoghedin the Fighter (Gnoll Wanderer)             Turns: 26712, Time: 00:55:41

Health: -8/122     AC: 20    Str: 19    XL:     15   Next: 90%
Magic:  29/29      EV: 13    Int: 18    God:    Okawaru [*****.]
Gold:   980        SH:  9    Dex: 13    Spells: 21/34 levels left

rFire    + + .     SeeInvis .   a - +3 demon whip (flame)
rCold    + . .     Gourm    .   o - +3 buckler
rNeg     . . .     Faith    .   t - +3 chain mail {rF+}
rPois    +         Spirit   .   P - +2 helmet
rElec    .         Reflect  .   T - scarf {rC+ rF+}
rCorr    .         Harm     .   C - +0 pair of gloves
MR       ++...                  (no boots)
Stlth    +.........             (no amulet)
HPRegen  0.30/turn              E - ring of poison resistance {rPois, !d}
MPRegen  0.21/turn              y - ring of protection from magic {MR+, !d}

@: about to teleport
A: distributed training, fangs 1, strong nose
a: Heroism, Finesse, Renounce Religion


You were on level 4 of the Swamp.
You worshipped Okawaru.
Okawaru was extremely pleased with you.
You were not hungry.

You visited 3 branches of the dungeon, and saw 19 of its levels.

You collected 1414 gold pieces.
You spent 434 gold pieces at shops.

Inventory:

Hand Weapons
 a - a +3 demon whip of flaming (weapon)
   (Okawaru gifted it to you on level 3 of the Lair of Beasts)
 b - the +7 hunting sling "Qeeqauk" {flame, rC- rN++ Int+5}
   (You bought it in a shop on level 6 of the Dungeon)

   It causes projectiles fired from it to burn those they strike, causing extra
   injury to most foes and up to half again as much damage against particularly
   susceptible opponents.
   It affects your intelligence (+5).
   It makes you vulnerable to cold.
   It greatly protects you from negative energy.
 W - a +4 demon blade of freezing
   (Okawaru gifted it to you on level 6 of the Lair of Beasts)
Missiles
 J - 340 stones (quivered)
 N - 52 bolts
Armour
 n - a +0 plate armour
   (You found it on level 9 of the Dungeon)
 o - a +3 buckler (worn)
   (You took it off a spriggan on level 6 of the Lair of Beasts)
 q - a cursed +0 pair of gloves
   (You found it on level 3 of the Swamp)
 t - a +3 chain mail of fire resistance (worn)
   (Okawaru gifted it to you on level 3 of the Swamp)
 v - a +2 cloak of invisibility
   (Okawaru gifted it to you on level 1 of the Lair of Beasts)
 C - a +0 pair of gloves (worn)
   (You found it on level 4 of the Dungeon)
 P - a +2 helmet (worn)
   (You found it on level 1 of the Swamp)
 T - a scarf of resistance (worn)
   (Okawaru gifted it to you on level 4 of the Lair of Beasts)
Jewellery
 k - an uncursed ring of protection from magic {MR+, !d}
   (You found it on level 7 of the Dungeon)
 y - a ring of protection from magic (right hand) {MR+, !d}
   (You found it on level 3 of the Dungeon)
 E - a ring of poison resistance (left hand) {rPois, !d}
   (You found it on level 4 of the Dungeon)
 F - an uncursed ring of protection from fire {rF+, !d}
   (You found it on level 1 of the Swamp)
 I - an uncursed ring of positive energy {rN+}
   (You found it on level 4 of the Lair of Beasts)
 L - a +3 ring of evasion
   (You found it on level 2 of the Lair of Beasts)
Wands
 d - a wand of random effects (70)
 r - a wand of iceblast (18)
   (You found it on level 2 of the Swamp)
 z - a wand of flame (61)
   (You took it off Jessica on level 3 of the Dungeon)
 A - a wand of polymorph (13)
   (You found it on level 8 of the Dungeon)
 B - a wand of digging (19)
   (You found it on level 1 of the Lair of Beasts)
 S - a wand of paralysis (21)
   (You found it on level 2 of the Swamp)
Scrolls
 g - 8 scrolls of identify
 l - 2 scrolls of teleportation
 m - 12 scrolls of remove curse
 u - 2 scrolls of amnesia
 x - a scroll of enchant armour
 D - 4 scrolls of fog
 M - 2 scrolls of enchant weapon
 Q - a scroll of random uselessness {unknown}
 R - a scroll of magic mapping {unknown}
Potions
 e - 11 potions of curing
 h - a potion of resistance
 i - 5 potions of flight
 p - 7 potions of brilliance
 s - a potion of mutation {!q}
 w - 4 potions of heal wounds
 G - a potion of magic
 H - a potion of berserk rage {!q}
 K - 3 potions of agility
 U - a potion of cancellation
 X - a potion of invisibility {unknown}
Miscellaneous
 c - a fan of gales (inert)
   (You found it on level 5 of the Lair of Beasts)
 j - a lightning rod (4/4)
   (You found it on level 1 of the Lair of Beasts)
 O - a lamp of fire (inert)
   (You found it on level 2 of the Lair of Beasts)
 Z - a box of beasts
Comestibles
 f - 21 rations
 V - 2 chunks of flesh {@w0}


   Skills:
 + Level 12.9 Fighting
 + Level 10.3 Short Blades
 + Level 10.3 Long Blades
 + Level 10.3 Axes
 + Level 10.6 Maces & Flails
 + Level 10.3 Polearms
 + Level 10.3 Staves
 + Level 10.3 Slings
 + Level 10.3 Bows
 + Level 10.6 Crossbows
 + Level 10.3 Throwing
 + Level 11.2 Armour
 + Level 10.3 Dodging
 + Level 10.3 Stealth
 + Level 10.3 Shields
 + Level 10.3 Unarmed Combat
 + Level 10.3 Spellcasting
 + Level 8.7 Conjurations
 + Level 8.7 Hexes
 + Level 8.7 Charms
 + Level 8.7 Summonings
 + Level 8.7 Necromancy
 + Level 8.7 Translocations
 + Level 8.7 Transmutations
 + Level 8.7 Fire Magic
 + Level 8.7 Ice Magic
 + Level 8.7 Air Magic
 + Level 8.7 Earth Magic
 + Level 8.7 Poison Magic
 + Level 11.1 Invocations
 + Level 11.2 Evocations


You had 21 spell levels left.
You knew the following spells:

 Your Spells              Type           Power        Failure   Level  Hunger
a - Portal Projectile     Hex/Tloc       #####.       4%          3    None
b - Inner Flame           Hex/Fire       #####...     4%          3    None
c - Ignite Poison         Fire/Tmut/Pois #####...     4%          3    None
s - Sticky Flame          Conj/Fire      #####...     16%         4    ###....


Dungeon Overview and Level Annotations

Branches:
Dungeon (9/15)             Temple (0/1) D:7            Lair (6/6) D:9
  Swamp (4/4) Lair:2       Spider (0/4) Lair:4        Slime (0/5) Lair:6
    Orc: D:9-12

Altars:
Gozag
Okawaru
Qazlal
Ru
Sif Muna
Vehumet
Yredelemnul
Beogh

Shops:
D:6 (

Annotations:
Swamp:4 Lernaean hydra


Innate Abilities, Weirdness & Mutations

Your experience applies equally to all skills.
You have very sharp teeth.
Your uncanny sense of smell can sniff out nearby items.


Message History

You are too injured to fight recklessly!
You are too injured to fight recklessly!
Firing (i - inventory)
J - 341 stones (quivered)
Aim: a spriggan druid, wielding a quarterstaff and wearing a robe (almost dead)
You shoot a stone.
The stone closely misses the spriggan druid.
You hear a splash.
The +7 hunting sling "Qeeqauk" {flame, rC- rN++ Int+5} stops flaming.
Your +3 demon whip of flaming bursts into flame!
a - a +3 demon whip of flaming (weapon)
You block the spriggan druid's attack.
You hear a crashing sound.
You closely miss the spriggan druid. You thrash the spriggan druid!!
You burn the spriggan druid.
You kill the spriggan druid!
Okawaru accepts your kill.
Things that are here:
a quarterstaff; a robe; a spriggan corpse You butcher the spriggan corpse.
V - 2 chunks of flesh {@w0}
Things that are here:
a quarterstaff; a robe; a spriggan skeleton You start resting.
You hear a crashing sound. x6
A six-headed hydra comes into view.
You regained 17 hp, and now have 74/122 hp.
MP restored: 29 You hear a crashing sound.
You enter the shallow water.
Moving in this stuff is going to be slow.
You hear a crashing sound.
You hear a crashing sound. x2
You start resting.
The 27-headed Lernaean hydra comes into view.
You regained 4 hp, and now have 81/122 hp.
Okay, then.
Unknown command.
The mass of ice explodes!
The iceblast engulfs the 27-headed Lernaean hydra.
Aim the lamp in which direction?
Aim: the 27-headed Lernaean hydra (water, lightly wounded)
The 27-headed Lernaean hydra is engulfed in blazing flames.
Aim: the 27-headed Lernaean hydra (flame, water, moderately wounded, chance to defeat MR: 4%)
Okay, then.
Unknown command.
Okay, then.
Unknown command.
Unknown command.
Okay, then.
Unknown command.
The 27-headed Lernaean hydra is engulfed in blazing flames.
You open the lid... ...and a mature oxshock beast leaps out!
The 27-headed Lernaean hydra is engulfed in blazing flames.
The 27-headed Lernaean hydra misses you.
The 27-headed Lernaean hydra bites you.
The 27-headed Lernaean hydra bites you but does no damage.
The 27-headed Lernaean hydra closely misses you.
The 27-headed Lernaean hydra bites you!
You block the 27-headed Lernaean hydra's attack.
The 27-headed Lernaean hydra bites you.
You block the 27-headed Lernaean hydra's attack.
The 27-headed Lernaean hydra bites you but does no damage. x4
The 27-headed Lernaean hydra barely misses you.
You block the 27-headed Lernaean hydra's attack.
The 27-headed Lernaean hydra bites you but does no damage.
The 27-headed Lernaean hydra barely misses you.
The 27-headed Lernaean hydra bites you but does no damage.
The 27-headed Lernaean hydra bites you!
The 27-headed Lernaean hydra bites you. x2
The 27-headed Lernaean hydra bites you but does no damage.
The 27-headed Lernaean hydra bites you! The 27-headed Lernaean hydra bites you.
The 27-headed Lernaean hydra bites you but does no damage. x2
The 27-headed Lernaean hydra bites you.
The 27-headed Lernaean hydra bites you but does no damage.
You take 40 damage, and have 43/122 hp.
MASSIVE DAMAGE!!
Unknown command.
As you read the scroll of teleportation, it crumbles to dust.
You feel strangely unstable.
The 27-headed Lernaean hydra barely misses you.
The 27-headed Lernaean hydra misses you.
The 27-headed Lernaean hydra bites you!
* * * LOW HITPOINT WARNING * * *
You block the 27-headed Lernaean hydra's attack.
The 27-headed Lernaean hydra bites you but does no damage.
The 27-headed Lernaean hydra bites you!
* * * LOW HITPOINT WARNING * * *
The 27-headed Lernaean hydra bites you but does no damage.
The 27-headed Lernaean hydra misses you.
The 27-headed Lernaean hydra bites you but does no damage. x7
The 27-headed Lernaean hydra bites you.
* * * LOW HITPOINT WARNING * * *
The 27-headed Lernaean hydra bites you but does no damage.
The 27-headed Lernaean hydra bites you!
* * * LOW HITPOINT WARNING * * *
The 27-headed Lernaean hydra bites you.
* * * LOW HITPOINT WARNING * * *
The 27-headed Lernaean hydra bites you but does no damage. x3
The 27-headed Lernaean hydra bites you!
You die...

≈≈≈♣ ≈≈≈ ♣≈≈..≈ ≈.♣♣ ♣♣♣....
♣....≈≈ ≈≈§♣ ♣♣.≈≈≈≈. ♣♣.≈≈..♣♣♣.
≈≈≈♣ ♣≈.≈≈≈≈. ≈.≈≈≈.≈≈≈≈ ≈.♣
♣.≈≈≈≈♣ ≈≈≈≈≈.≈≈≈≈ ♣≈♣♣♣♣ ♣♣.≈≈.♣
♣.≈≈≈≈D.≈. ≈.≈≈.♣♣
♣.≈≈≈≈♣♣♣♣♣§≈≈≈≈≈≈D.(( ≈.≈...♣♣
♣≈≈≈.@D...♣≈≈≈≈≈..((≈≈
≈.♣.≈≈.♣♣♣♣.≈≈≈.H§§≈≈≈..≈.(((((≈≈
≈..≈≈≈≈≈≈....≈≈≈≈.§§≈§.)(≈..≈(≈≈
≈.≈≈≈≈≈≈..≈≈≈≈≈≈≈§§≈§≈≈†≈.≈≈≈≈♣
.≈≈≈≈≈.≈..≈≈≈.≈≈.§≈§§≈≈≈≈.≈(≈≈♣
..≈≈≈..≈≈.≈≈≈≈≈...§§≈§§.≈♣(♣≈♣≈
...≈≈♣♣♣..≈≈≈≈≈<..≈§§§§§<(≈≈♣♣
....≈≈≈≈.≈≈...≈≈≈≈≈≈≈≈§§≈(♣♣♣
♣♣≈.≈≈≈....≈≈≈.≈..≈≈≈≈≈§§(♣


You could see the 27-headed Lernaean hydra and a friendly mature oxshock beast.

Vanquished Creatures
  Nikola (Swamp:1)
  2 thorn hunters
  Josephine (Lair:4)
  23 hydras
  A catoblepas (Lair:2)
  A ghost crab (Swamp:3)
  Erica (Lair:1)
  2 two-headed ogres (D:9)
  3 alligators
  6 death yaks (Lair:5)
  Nergalle (Lair:3)
  A spriggan druid (Swamp:4)
  13 swamp dragons
  A lindwurm (Lair:2)
  3 shambling mangroves
  2 deep elf magi
  2 cyclopes
  5 ugly things (Swamp:4)
  3 black mambas
  6 elephants (Lair:4)
  2 rime drakes (Lair:6)
  7 spiny frogs
  A demonic crawler (Lair:4)
  11 komodo dragons
  2 polar bears
  A queen bee (Lair:2)
  5 tyrant leeches
  18 hornets
  5 hippogriffs
  6 bog bodies
  17 spriggans
  5 wraiths (Lair:4)
  37 yaks
  Grum (D:8)
  A basilisk (Lair:5)
  A steam dragon (Lair:5)
  A hungry ghost (D:7)
  3 vampire mosquitoes (Swamp:4)
  27 swamp worms
  6 insubstantial wisps
  Duvessa (D:4)
  5 ice beasts
  10 porcupines
  13 swamp drakes
  5 orc warriors
  13 water moccasins
  5 black bears (Lair:6)
  2 phantoms (D:7)
  An ogre (D:9)
  2 centaurs
  29 wolves
  3 boggarts (Lair:6)
  18 crocodiles
  A big kobold (D:8)
  22 bullfrogs
  A gnoll sergeant (D:8)
  Dowan (D:4)
  4 scorpions
  26 killer bees (Lair:2)
  5 howler monkeys
  An electric eel (Lair:2)
  3 crimson imps
  4 jellies
  A hound (D:9)
  4 orc priests
  Jessica (D:3)
  3 bullfrog skeletons
  9 orc wizards
  3 iguanas
  5 worker ants
  A hound zombie (D:5)
  Robin (D:4)
  4 worker ant zombies
  16 adders
  7 gnolls
  4 shadow imps
  4 oozes
  An adder zombie (D:8)
  An adder skeleton (D:6)
  10 worms
  6 dart slugs
  6 leopard geckos
  21 orcs
  7 giant cockroaches
  10 hobgoblins
  5 jackals (D:6)
  4 quokkas
  A ball python (D:6)
  4 bats
  5 frilled lizards
  15 goblins
  11 kobolds
  2 leopard gecko skeletons
  3 quokka zombies
  8 rats
  A butterfly (Lair:1)
594 creatures vanquished.

Vanquished Creatures (collateral kills)
  A ghost crab (Swamp:3)
  3 insubstantial wisps (Swamp:3)
4 creatures vanquished.

Vanquished Creatures (others)
  An ugly thing (Swamp:4)
  A tyrant leech (Swamp:1)
  An insubstantial wisp (Swamp:3)
  An orc wizard (D:8)
  An orc (D:8)
  16 fungi
  48 plants
69 creatures vanquished.

Grand Total: 667 creatures vanquished

Notes
Turn   | Place    | Note
-------+----------+-------------------------------------------
     0 | D:1      | mhoghedin the Gnoll Wanderer began the quest for the Orb.
     0 | D:1      | mhoghedin set off with: a +2 hand crossbow, 27 bolts, a +0 ring mail, a wand of random effects (15), a ration
     0 | D:1      | Reached XP level 1. HP: 26/26 MP: 3/3
   245 | D:1      | Reached XP level 2. HP: 31/33 MP: 5/5
   464 | D:1      | Reached XP level 3. HP: 38/38 MP: 6/6
   835 | D:2      | Reached skill level 1 in Invocations
  1120 | D:2      | Reached skill level 1 in Short Blades
  1120 | D:2      | Reached skill level 1 in Long Blades
  1120 | D:2      | Reached skill level 1 in Axes
  1120 | D:2      | Reached skill level 1 in Polearms
  1120 | D:2      | Reached skill level 1 in Staves
  1120 | D:2      | Reached skill level 1 in Slings
  1120 | D:2      | Reached skill level 1 in Bows
  1120 | D:2      | Reached skill level 1 in Throwing
  1120 | D:2      | Reached skill level 1 in Dodging
  1120 | D:2      | Reached skill level 1 in Stealth
  1120 | D:2      | Reached skill level 1 in Shields
  1120 | D:2      | Reached skill level 1 in Unarmed Combat
  1120 | D:2      | Reached skill level 1 in Spellcasting
  1182 | D:2      | Reached XP level 4. HP: 45/45 MP: 7/7
  1375 | D:2      | Found an iron altar of Okawaru.
  1380 | D:2      | Reached skill level 1 in Conjurations
  1380 | D:2      | Reached skill level 1 in Hexes
  1380 | D:2      | Reached skill level 1 in Charms
  1380 | D:2      | Reached skill level 1 in Summonings
  1380 | D:2      | Reached skill level 1 in Necromancy
  1380 | D:2      | Reached skill level 1 in Translocations
  1380 | D:2      | Reached skill level 1 in Transmutations
  1380 | D:2      | Reached skill level 1 in Fire Magic
  1380 | D:2      | Reached skill level 1 in Ice Magic
  1380 | D:2      | Reached skill level 1 in Air Magic
  1380 | D:2      | Reached skill level 1 in Earth Magic
  1380 | D:2      | Reached skill level 1 in Poison Magic
  1404 | D:2      | Became a worshipper of Warmaster Okawaru
  1442 | D:2      | Reached XP level 5. HP: 40/51 MP: 8/8
  1838 | D:3      | Reached skill level 3 in Maces & Flails
  1838 | D:3      | Reached skill level 3 in Crossbows
  1997 | D:3      | Noticed Jessica
  1998 | D:3      | Killed Jessica
  2124 | D:3      | Reached XP level 6. HP: 57/57 MP: 9/9
  2214 | D:4      | Noticed Robin
  2216 | D:4      | Killed Robin
  2216 | D:4      | Reached skill level 2 in Invocations
  2235 | D:4      | Reached * piety under Okawaru
  2336 | D:4      | Reached skill level 5 in Armour
  2336 | D:4      | Reached skill level 5 in Evocations
  2338 | D:4      | Reached skill level 2 in Short Blades
  2338 | D:4      | Reached skill level 2 in Long Blades
  2338 | D:4      | Reached skill level 2 in Axes
  2338 | D:4      | Reached skill level 2 in Polearms
  2338 | D:4      | Reached skill level 2 in Staves
  2338 | D:4      | Reached skill level 2 in Slings
  2338 | D:4      | Reached skill level 2 in Bows
  2338 | D:4      | Reached skill level 2 in Throwing
  2338 | D:4      | Reached skill level 2 in Dodging
  2338 | D:4      | Reached skill level 2 in Stealth
  2338 | D:4      | Reached skill level 2 in Shields
  2338 | D:4      | Reached skill level 2 in Unarmed Combat
  2338 | D:4      | Reached skill level 2 in Spellcasting
  2466 | D:4      | Noticed Dowan
  2473 | D:4      | Killed Dowan
  2483 | D:4      | Noticed Duvessa
  2496 | D:4      | HP: 10/57 [Duvessa/short sword (7)]
  2501 | D:4      | HP: 7/57 [Duvessa/short sword (4)]
  2504 | D:4      | Reached skill level 9 in Fighting
  2504 | D:4      | Reached skill level 4 in Short Blades
  2504 | D:4      | Reached skill level 4 in Long Blades
  2504 | D:4      | Reached skill level 4 in Axes
  2504 | D:4      | Reached skill level 5 in Maces & Flails
  2504 | D:4      | Reached skill level 4 in Polearms
  2504 | D:4      | Reached skill level 4 in Staves
  2504 | D:4      | Reached skill level 4 in Slings
  2504 | D:4      | Reached skill level 4 in Bows
  2504 | D:4      | Reached skill level 5 in Crossbows
  2504 | D:4      | Reached skill level 4 in Throwing
  2504 | D:4      | Reached skill level 6 in Armour
  2504 | D:4      | Reached skill level 4 in Dodging
  2504 | D:4      | Reached skill level 4 in Stealth
  2504 | D:4      | Reached skill level 4 in Shields
  2504 | D:4      | Reached skill level 4 in Unarmed Combat
  2504 | D:4      | Reached skill level 4 in Spellcasting
  2504 | D:4      | Reached skill level 4 in Conjurations
  2504 | D:4      | Reached skill level 4 in Hexes
  2504 | D:4      | Reached skill level 4 in Charms
  2504 | D:4      | Reached skill level 4 in Summonings
  2504 | D:4      | Reached skill level 4 in Necromancy
  2504 | D:4      | Reached skill level 4 in Translocations
  2504 | D:4      | Reached skill level 4 in Transmutations
  2504 | D:4      | Reached skill level 4 in Fire Magic
  2504 | D:4      | Reached skill level 4 in Ice Magic
  2504 | D:4      | Reached skill level 4 in Air Magic
  2504 | D:4      | Reached skill level 4 in Earth Magic
  2504 | D:4      | Reached skill level 4 in Poison Magic
  2504 | D:4      | Reached skill level 5 in Invocations
  2504 | D:4      | Reached skill level 6 in Evocations
  2504 | D:4      | Reached XP level 7. HP: 8/65 MP: 8/14
  2504 | D:4      | HP: 2/65 [Duvessa/short sword (2)]
  2510 | D:4      | Killed Duvessa
  2510 | D:4      | Reached XP level 8. HP: 28/72 MP: 9/15
  3023 | D:5      | Entered Level 5 of the Dungeon
  3286 | D:5      | Reached ** piety under Okawaru
  3286 | D:5      | Reached skill level 5 in Short Blades
  3286 | D:5      | Reached skill level 5 in Long Blades
  3286 | D:5      | Reached skill level 5 in Axes
  3286 | D:5      | Reached skill level 5 in Polearms
  3286 | D:5      | Reached skill level 5 in Staves
  3286 | D:5      | Reached skill level 5 in Slings
  3286 | D:5      | Reached skill level 5 in Bows
  3286 | D:5      | Reached skill level 5 in Throwing
  3286 | D:5      | Reached skill level 5 in Dodging
  3286 | D:5      | Reached skill level 5 in Stealth
  3286 | D:5      | Reached skill level 5 in Shields
  3286 | D:5      | Reached skill level 5 in Unarmed Combat
  3286 | D:5      | Reached skill level 5 in Spellcasting
  3353 | D:5      | Found an opulent altar of Gozag.
  3941 | D:6      | Found a sacrificial altar of Ru.
  4006 | D:6      | Found a basalt altar of Yredelemnul.
  4224 | D:6      | Found Taqahosa's Antique Weapon Shop.
  4230 | D:6      | Bought a brightly glowing quarterstaff for 252 gold pieces
  4230 | D:6      | Identified the +1 quarterstaff "Japox" {venom, rPois Int+4 Stlth+} (You bought it in a shop on level 6 of the Dungeon)
  4532 | D:6      | Found a deep blue altar of Sif Muna.
  4609 | D:6      | Found a stormy altar of Qazlal.
  4665 | D:7      | Reached XP level 9. HP: 78/78 MP: 16/16
  4737 | D:7      | Reached skill level 10 in Fighting
  4737 | D:7      | Reached skill level 7 in Armour
  4737 | D:7      | Reached skill level 7 in Evocations
  5046 | D:7      | Found a transporter.
  5064 | D:7      | Reached *** piety under Okawaru
  5064 | D:7      | Reached skill level 6 in Maces & Flails
  5064 | D:7      | Reached skill level 6 in Crossbows
  5208 | D:7      | Found a staircase to the Ecumenical Temple.
  5244 | D:7      | Noticed a troll
  5246 | D:7      | Found a roughly hewn altar of Beogh.
  5264 | D:7      | HP: 13/78 [orc priest/divine providence (8)]
  5571 | D:8      | Reached skill level 6 in Invocations
  5841 | D:8      | Found a radiant altar of Vehumet.
  6010 | D:8      | Noticed Grum
  6025 | D:8      | Killed Grum
  6025 | D:8      | Reached XP level 10. HP: 48/85 MP: 16/18
  6455 | D:8      | Noticed a deep elf mage
  6463 | D:8      | HP: 17/85 [burnt (6)]
  6467 | D:8      | Killed a deep elf mage
  6467 | D:8      | Reached **** piety under Okawaru
  6780 | D:8      | Noticed a cyclops
  6845 | D:8      | Killed a cyclops
  6845 | D:8      | Received a gift from Okawaru
  7085 | D:8      | Learned a level 3 spell: Portal Projectile
  7251 | D:9      | Noticed a deep elf mage
  7257 | D:9      | Killed a deep elf mage
  7257 | D:9      | Reached skill level 6 in Short Blades
  7257 | D:9      | Reached skill level 6 in Long Blades
  7257 | D:9      | Reached skill level 6 in Axes
  7257 | D:9      | Reached skill level 6 in Polearms
  7257 | D:9      | Reached skill level 6 in Staves
  7257 | D:9      | Reached skill level 6 in Slings
  7257 | D:9      | Reached skill level 6 in Bows
  7257 | D:9      | Reached skill level 6 in Throwing
  7257 | D:9      | Reached skill level 6 in Dodging
  7257 | D:9      | Reached skill level 6 in Stealth
  7257 | D:9      | Reached skill level 6 in Shields
  7257 | D:9      | Reached skill level 6 in Unarmed Combat
  7257 | D:9      | Reached skill level 6 in Spellcasting
  7257 | D:9      | Reached skill level 5 in Conjurations
  7257 | D:9      | Reached skill level 5 in Hexes
  7257 | D:9      | Reached skill level 5 in Charms
  7257 | D:9      | Reached skill level 5 in Summonings
  7257 | D:9      | Reached skill level 5 in Necromancy
  7257 | D:9      | Reached skill level 5 in Translocations
  7257 | D:9      | Reached skill level 5 in Transmutations
  7257 | D:9      | Reached skill level 5 in Fire Magic
  7257 | D:9      | Reached skill level 5 in Ice Magic
  7257 | D:9      | Reached skill level 5 in Air Magic
  7257 | D:9      | Reached skill level 5 in Earth Magic
  7257 | D:9      | Reached skill level 5 in Poison Magic
  7281 | D:9      | Noticed a cyclops
  7296 | D:9      | Killed a cyclops
  7623 | D:9      | HP: 18/86 [yak (4)]
  7629 | D:9      | HP: 14/86 [yak (1)]
  7630 | D:9      | HP: 6/86 [yak (9)]
  7637 | D:9      | HP: 3/86 [yak (4)]
  8090 | D:9      | Noticed a two-headed ogre
  8099 | D:9      | Killed a two-headed ogre
  8099 | D:9      | Reached ***** piety under Okawaru
  8099 | D:9      | Received a gift from Okawaru
  8099 | D:9      | Reached XP level 11. HP: 81/92 MP: 20/20
  8197 | D:9      | Found a staircase to the Lair.
  8391 | D:9      | Reached skill level 7 in Invocations
  8413 | D:9      | Noticed a two-headed ogre
  8418 | D:9      | Killed a two-headed ogre
  8418 | D:9      | Reached skill level 7 in Maces & Flails
  8418 | D:9      | Reached skill level 7 in Crossbows
  8418 | D:9      | Reached skill level 8 in Armour
  8418 | D:9      | Reached skill level 8 in Evocations
  8995 | Lair:1   | Entered Level 1 of the Lair of Beasts
  9014 | Lair:1   | Received a gift from Okawaru
  9796 | Lair:1   | Noticed Sonja
  9797 | Lair:1   | Noticed Erica
  9802 | Lair:1   | Noticed Sonja
  9802 | Lair:1   | Sonja changed into Sonja the black mamba
  9831 | Lair:1   | Killed Sonja the black mamba
  9837 | Lair:1   | HP: 18/92 [Erica/bolt of poison (6)]
  9841 | Lair:1   | Killed Erica
  9843 | Lair:1   | HP: 15/92 [poisoned by Sonja]
  9849 | Lair:1   | HP: 13/92 [poisoned by Sonja]
  9855 | Lair:1   | HP: 13/92 [poisoned by Sonja]
  9862 | Lair:1   | HP: 13/92 [poisoned by Sonja]
 10717 | Lair:2   | Noticed a six-headed hydra
 10740 | Lair:2   | Noticed a catoblepas
 10740 | Lair:2   | a six-headed hydra changed into a catoblepas
 10745 | Lair:2   | Noticed a four-headed hydra
 10976 | D:6      | Bought a bone hunting sling for 182 gold pieces
 10976 | D:6      | Identified the +7 hunting sling "Qeeqauk" {flame, rC- rN++ Int+5} (You bought it in a shop on level 6 of the Dungeon)
 11099 | D:9      | Reached skill level 7 in Short Blades
 11099 | D:9      | Reached skill level 7 in Long Blades
 11099 | D:9      | Reached skill level 7 in Axes
 11099 | D:9      | Reached skill level 7 in Polearms
 11099 | D:9      | Reached skill level 7 in Staves
 11099 | D:9      | Reached skill level 7 in Slings
 11099 | D:9      | Reached skill level 7 in Bows
 11099 | D:9      | Reached skill level 7 in Throwing
 11099 | D:9      | Reached skill level 7 in Dodging
 11099 | D:9      | Reached skill level 7 in Stealth
 11099 | D:9      | Reached skill level 7 in Shields
 11099 | D:9      | Reached skill level 7 in Unarmed Combat
 11099 | D:9      | Reached skill level 7 in Spellcasting
 12044 | Lair:2   | Reached XP level 12. HP: 86/99 MP: 22/22
 12068 | Lair:2   | Reached skill level 11 in Fighting
 12116 | Lair:2   | Killed a four-headed hydra
 12116 | Lair:2   | Reached skill level 6 in Conjurations
 12116 | Lair:2   | Reached skill level 6 in Hexes
 12116 | Lair:2   | Reached skill level 6 in Charms
 12116 | Lair:2   | Reached skill level 6 in Summonings
 12116 | Lair:2   | Reached skill level 6 in Necromancy
 12116 | Lair:2   | Reached skill level 6 in Translocations
 12116 | Lair:2   | Reached skill level 6 in Transmutations
 12116 | Lair:2   | Reached skill level 6 in Fire Magic
 12116 | Lair:2   | Reached skill level 6 in Ice Magic
 12116 | Lair:2   | Reached skill level 6 in Air Magic
 12116 | Lair:2   | Reached skill level 6 in Earth Magic
 12116 | Lair:2   | Reached skill level 6 in Poison Magic
 12241 | Lair:2   | Found a staircase to the Swamp.
 12283 | Lair:2   | HP: 22/100 [swamp worm (12)]
 12609 | Lair:2   | Reached skill level 8 in Invocations
 12668 | Lair:2   | Received a gift from Okawaru
 13059 | Lair:2   | Received a gift from Okawaru
 13289 | Lair:2   | Reached skill level 8 in Maces & Flails
 13289 | Lair:2   | Reached skill level 8 in Crossbows
 13322 | Lair:2   | Killed a catoblepas
 13454 | Lair:2   | Noticed a seven-headed hydra
 13459 | Lair:2   | Killed a seven-headed hydra
 13459 | Lair:2   | Received a gift from Okawaru
 13459 | Lair:2   | Reached skill level 9 in Armour
 13459 | Lair:2   | Reached skill level 9 in Evocations
 13975 | Lair:3   | Received a gift from Okawaru
 14227 | Lair:3   | Noticed Nergalle
 14235 | Lair:3   | Killed Nergalle
 14315 | Lair:3   | Noticed a six-headed hydra
 14325 | Lair:3   | Killed a six-headed hydra
 14325 | Lair:3   | Received a gift from Okawaru
 14648 | Lair:3   | Reached XP level 13. HP: 91/106 MP: 24/24
 14932 | Lair:4   | Reached skill level 8 in Short Blades
 14932 | Lair:4   | Reached skill level 8 in Long Blades
 14932 | Lair:4   | Reached skill level 8 in Axes
 14932 | Lair:4   | Reached skill level 8 in Polearms
 14932 | Lair:4   | Reached skill level 8 in Staves
 14932 | Lair:4   | Reached skill level 8 in Slings
 14932 | Lair:4   | Reached skill level 8 in Bows
 14932 | Lair:4   | Reached skill level 8 in Throwing
 14932 | Lair:4   | Reached skill level 8 in Dodging
 14932 | Lair:4   | Reached skill level 8 in Stealth
 14932 | Lair:4   | Reached skill level 8 in Shields
 14932 | Lair:4   | Reached skill level 8 in Unarmed Combat
 14932 | Lair:4   | Reached skill level 8 in Spellcasting
 15108 | Lair:4   | Noticed Josephine
 15155 | Lair:4   | Killed Josephine
 15312 | Lair:4   | Found a hole to the Spider Nest.
 15339 | Lair:4   | Got a polished mace
 15340 | Lair:4   | Identified the +11 mace of the Shoals {crush, rPois rF+++ MR- Str-3} (You found it on level 4 of the Lair of Beasts)
 15370 | Lair:4   | Reached skill level 9 in Invocations
 15406 | Lair:4   | Received a gift from Okawaru
 16247 | Lair:5   | Reached skill level 7 in Conjurations
 16247 | Lair:5   | Reached skill level 7 in Hexes
 16247 | Lair:5   | Reached skill level 7 in Charms
 16247 | Lair:5   | Reached skill level 7 in Summonings
 16247 | Lair:5   | Reached skill level 7 in Necromancy
 16247 | Lair:5   | Reached skill level 7 in Translocations
 16247 | Lair:5   | Reached skill level 7 in Transmutations
 16247 | Lair:5   | Reached skill level 7 in Fire Magic
 16247 | Lair:5   | Reached skill level 7 in Ice Magic
 16247 | Lair:5   | Reached skill level 7 in Air Magic
 16247 | Lair:5   | Reached skill level 7 in Earth Magic
 16247 | Lair:5   | Reached skill level 7 in Poison Magic
 16402 | Lair:5   | Reached skill level 9 in Maces & Flails
 16402 | Lair:5   | Reached skill level 9 in Crossbows
 16435 | Lair:5   | HP: 17/107 [death yak (16)]
 17527 | Lair:6   | Entered Level 6 of the Lair of Beasts
 17591 | Lair:6   | Received a gift from Okawaru
 17685 | Lair:5   | Reached XP level 14. HP: 47/114 MP: 23/26
 17994 | Lair:6   | Reached skill level 12 in Fighting
 17994 | Lair:6   | Reached skill level 10 in Armour
 17994 | Lair:6   | Reached skill level 10 in Evocations
 18594 | Lair:6   | Received a gift from Okawaru
 18735 | Lair:6   | Reached skill level 9 in Short Blades
 18735 | Lair:6   | Reached skill level 9 in Long Blades
 18735 | Lair:6   | Reached skill level 9 in Axes
 18735 | Lair:6   | Reached skill level 9 in Polearms
 18735 | Lair:6   | Reached skill level 9 in Staves
 18735 | Lair:6   | Reached skill level 9 in Slings
 18735 | Lair:6   | Reached skill level 9 in Bows
 18735 | Lair:6   | Reached skill level 9 in Throwing
 18735 | Lair:6   | Reached skill level 9 in Dodging
 18735 | Lair:6   | Reached skill level 9 in Stealth
 18735 | Lair:6   | Reached skill level 9 in Shields
 18735 | Lair:6   | Reached skill level 9 in Unarmed Combat
 18735 | Lair:6   | Reached skill level 9 in Spellcasting
 18787 | Lair:6   | Found a staircase to the Slime Pits.
 19062 | Lair:6   | Received a gift from Okawaru
 19453 | Lair:6   | Reached skill level 10 in Invocations
 20278 | Swamp:1  | Entered Level 1 of the Swamp
 20317 | Swamp:1  | Noticed Nikola
 20341 | Swamp:1  | Killed Nikola
 20341 | Swamp:1  | Received a gift from Okawaru
 20341 | Swamp:1  | Received a gift from Okawaru
 21338 | Swamp:2  | Received a gift from Okawaru
 21782 | Swamp:2  | Reached skill level 8 in Conjurations
 21782 | Swamp:2  | Reached skill level 8 in Hexes
 21782 | Swamp:2  | Reached skill level 8 in Charms
 21782 | Swamp:2  | Reached skill level 8 in Summonings
 21782 | Swamp:2  | Reached skill level 8 in Necromancy
 21782 | Swamp:2  | Reached skill level 8 in Translocations
 21782 | Swamp:2  | Reached skill level 8 in Transmutations
 21782 | Swamp:2  | Reached skill level 8 in Fire Magic
 21782 | Swamp:2  | Reached skill level 8 in Ice Magic
 21782 | Swamp:2  | Reached skill level 8 in Air Magic
 21782 | Swamp:2  | Reached skill level 8 in Earth Magic
 21782 | Swamp:2  | Reached skill level 8 in Poison Magic
 22085 | Swamp:2  | Learned a level 3 spell: Inner Flame
 22195 | Swamp:2  | Received a gift from Okawaru
 22598 | Swamp:3  | Reached skill level 10 in Maces & Flails
 22598 | Swamp:3  | Reached skill level 10 in Crossbows
 22677 | Swamp:3  | Reached XP level 15. HP: 66/122 MP: 28/28
 22679 | Swamp:3  | Paralysed by a hornet for 1 turns
 22930 | Swamp:3  | Noticed a thorn hunter
 22949 | Swamp:3  | Killed a thorn hunter
 23046 | Swamp:3  | HP: 30/122 [ghost crab] (9)]
 23619 | Swamp:3  | Received a gift from Okawaru
 24413 | Swamp:4  | Entered Level 4 of the Swamp
 24722 | Swamp:4  | Noticed a thorn hunter
 24742 | Swamp:4  | Killed a thorn hunter
 25168 | Swamp:4  | Learned a level 4 spell: Sticky Flame
 25195 | Swamp:4  | Reached skill level 10 in Short Blades
 25195 | Swamp:4  | Reached skill level 10 in Long Blades
 25195 | Swamp:4  | Reached skill level 10 in Axes
 25195 | Swamp:4  | Reached skill level 10 in Polearms
 25195 | Swamp:4  | Reached skill level 10 in Staves
 25195 | Swamp:4  | Reached skill level 10 in Slings
 25195 | Swamp:4  | Reached skill level 10 in Bows
 25195 | Swamp:4  | Reached skill level 10 in Throwing
 25195 | Swamp:4  | Reached skill level 10 in Dodging
 25195 | Swamp:4  | Reached skill level 10 in Stealth
 25195 | Swamp:4  | Reached skill level 10 in Shields
 25195 | Swamp:4  | Reached skill level 10 in Unarmed Combat
 25195 | Swamp:4  | Reached skill level 10 in Spellcasting
 25323 | Swamp:4  | Reached skill level 11 in Armour
 25323 | Swamp:4  | Reached skill level 11 in Evocations
 25799 | Swamp:4  | Reached skill level 11 in Invocations
 25804 | Swamp:4  | Learned a level 3 spell: Ignite Poison
 26707 | Swamp:4  | Noticed the 27-headed Lernaean hydra
 26712 | Swamp:4  | HP: 25/122 [the 27-headed Lernaean hydra (8)]
 26712 | Swamp:4  | HP: 9/122 [the 27-headed Lernaean hydra (12)]
 26712 | Swamp:4  | HP: 4/122 [the 27-headed Lernaean hydra (5)]
 26712 | Swamp:4  | Mangled by the 27-headed Lernaean hydra

Vault maps used:
D:1:      wheals_arrival_linesprint
D:2:      okawaru_altar_gauntlet_db
D:3:      uniq_jessica
D:4:      first_ration, uniq_duvessa, uniq_robin
D:5:      basic_altar, st_stairs_7, grunt_decor_mini_mirrors
D:6:      nicolae_ru_great_annihilating_truth, led_sif_pool,
          yredelemnul_altar_generic, serial_shops, shop, minivault_24,
          minmay_misc_feat_room, nicolae_qazlal_eye_of_the_storm
D:7:      gammafunk_beogh_shrine, temple_hall
D:8:      minmay_opposing_rooms, fiery_altar_vehumet, uniq_grum
D:9:      cheibrodos_barr_body, grunt_lair_entry_orc_guard_hut
Lair:1:   st_stairs_6, minmay_hedge_maze, lemuel_fruit_fields, uniq_sonja,
          uniq_erica
Lair:2:   cheibrodos_lair_overgrown_chateau,
          nicolae_swamp_entry_splash_gauntlet, special_room, st_stairs_3
Lair:3:   uniq_nergalle
Lair:4:   nicolae_spider_entry_non_spiders, grunt_megastairs_3,
          serial_bayou_shore_a, uniq_josephine
Lair:5:   grunt_forest_small_clearing_treed
Lair:6:   minmay_lair_end_enchanted_forest, nicolae_slime_entry_slimehenge,
          wad_woods_road_05
Swamp:1:  evilmike_swamp_ruin_house_6, infiniplex_staircase_pool, uniq_nikola
Swamp:2:  evilmike_swamp_ruin_house_2, swamp_pool1
Swamp:3:  hangedman_swamp_ruin_wall
Swamp:4:  swamp_old_school

Skill      XL: |  1  2  3  4  5  6  7  8  9 10 11 12 13 14 15 |
---------------+----------------------------------------------+-----
Invocations    | 1 5 6 7 8 9 10 11 | 11.1
Short Blades   | 1 4 5 6 7 8 9 10 | 10.3
Long Blades    | 1 4 5 6 7 8 9 10 | 10.3
Axes           | 1 4 5 6 7 8 9 10 | 10.3
Polearms       | 1 4 5 6 7 8 9 10 | 10.3
Staves         | 1 4 5 6 7 8 9 10 | 10.3
Slings         | 1 4 5 6 7 8 9 10 | 10.3
Bows           | 1 4 5 6 7 8 9 10 | 10.3
Throwing       | 1 4 5 6 7 8 9 10 | 10.3
Dodging        | 1 4 5 6 7 8 9 10 | 10.3
Stealth        | 1 4 5 6 7 8 9 10 | 10.3
Shields        | 1 4 5 6 7 8 9 10 | 10.3
Unarmed Combat | 1 4 5 6 7 8 9 10 | 10.3
Spellcasting   | 1 4 5 6 7 8 9 10 | 10.3
Conjurations   | 1 4 5 6 7 8 |  8.7
Hexes          | 1 4 5 6 7 8 |  8.7
Charms         | 1 4 5 6 7 8 |  8.7
Summonings     | 1 4 5 6 7 8 |  8.7
Necromancy     | 1 4 5 6 7 8 |  8.7
Translocations | 1 4 5 6 7 8 |  8.7
Transmutations | 1 4 5 6 7 8 |  8.7
Fire Magic     | 1 4 5 6 7 8 |  8.7
Ice Magic      | 1 4 5 6 7 8 |  8.7
Air Magic      | 1 4 5 6 7 8 |  8.7
Earth Magic    | 1 4 5 6 7 8 |  8.7
Poison Magic   | 1 4 5 6 7 8 |  8.7
Maces & Flails | 3 5 6 7 8 9 10 | 10.6
Crossbows      | 3 5 6 7 8 9 10 | 10.6
Armour         | 6 7 8 9 10 11 | 11.2
Evocations     | 6 7 8 9 10 11 | 11.2
Fighting       | 9 10 11 12 | 12.9

Action                   |  1- 3 |  4- 6 |  7- 9 | 10-12 | 13-15 || total
-------------------------+-------+-------+-------+-------+-------++-------
Melee: Dagger            |    54 |    51 |    15 |    84 |       ||   204
       Bite              |     5 |     7 |     3 |    10 |   155 ||   180
       Quarterstaff      |       |       |    53 |     5 |       ||    58
       Punch             |       |       |       |     3 |    19 ||    22
       Demon whip        |       |       |       |     5 |  1091 ||  1096
       Demon blade       |       |       |       |       |    63 ||    63
 Fire: Hand crossbow     |    47 |   115 |   244 |     9 |       ||   415
       Arbalest          |       |       |       |   208 |       ||   208
       Hunting sling     |       |       |       |   351 |   554 ||   905
 Cast: Inner Flame       |       |       |       |       |     3 ||     3
       Ignite Poison     |       |       |       |       |     4 ||     4
Invok: Heroism           |       |     1 |     3 |    10 |    24 ||    38
       Finesse           |       |       |       |     1 |     6 ||     7
 Abil: Evoke Invisibilit |       |       |       |     6 |     4 ||    10
Evoke: Wand              |       |       |     4 |    12 |     8 ||    24
       Lightning rod     |       |       |       |     5 |     5 ||    10
       Lamp of fire      |       |       |       |     1 |     4 ||     5
       Fan of gales      |       |       |       |       |     2 ||     2
       Box of beasts     |       |       |       |       |     1 ||     1
  Use: Potion            |       |     3 |    10 |     2 |     2 ||    17
       Scroll            |       |     1 |    11 |     8 |     9 ||    29
 Stab: Sleeping          |       |       |     2 |       |       ||     2
       Invisible         |       |       |       |    11 |     6 ||    17
  Eat: Chunk             |       |     4 |     5 |     3 |     6 ||    18
       Ration            |       |       |     3 |     7 |    10 ||    20
Armor: Ring mail         |    22 |    28 |    71 |    15 |       ||   136
       Skin              |       |       |     3 |       |       ||     3
       Leather armour    |       |       |       |    12 |       ||    12
       Plate armour      |       |       |       |   321 |   437 ||   758
       Chain mail        |       |       |       |       |   147 ||   147
Dodge: Dodged            |    28 |    53 |   125 |   298 |   405 ||   909
Block: Shield            |       |       |       |       |   189 ||   189
       Buckler           |       |       |       |       |   196 ||   196
       Rpst.: Demon blade |       |       |       |       |     7 ||     7

Table legend:
 A = Spawn XP
 B = Non-spawn XP
 C = Spawn XP percentage of total XP
 D = Spawn monster count
 E = Non-spawn monster count
 F = Spawn count percentage of total count
 G = Total turns spent on level
                    A         B        C        D         E        F      G
               +---------+---------+-------+---------+---------+-------+---------
         Total |       0 |  124369 |   0.0 |       0 |     598 |   0.0 | 26712
               +---------+---------+-------+---------+---------+-------+---------
           D:1 |       0 |      34 |   0.0 |       0 |      18 |   0.0 |   677
           D:2 |       0 |     137 |   0.0 |       0 |      30 |   0.0 |   987
           D:3 |       0 |     149 |   0.0 |       0 |      24 |   0.0 |   510
           D:4 |       0 |     386 |   0.0 |       0 |      21 |   0.0 |   938
           D:5 |       0 |     450 |   0.0 |       0 |      18 |   0.0 |   829
           D:6 |       0 |     592 |   0.0 |       0 |      22 |   0.0 |  1086
           D:7 |       0 |    1378 |   0.0 |       0 |      21 |   0.0 |  1016
           D:8 |       0 |    3066 |   0.0 |       0 |      40 |   0.0 |  2005
           D:9 |       0 |    5467 |   0.0 |       0 |      40 |   0.0 |  2007
        Lair:1 |       0 |    4693 |   0.0 |       0 |      20 |   0.0 |  1787
        Lair:2 |       0 |   10287 |   0.0 |       0 |      61 |   0.0 |  2535
        Lair:3 |       0 |    4989 |   0.0 |       0 |      16 |   0.0 |  1034
        Lair:4 |       0 |   10509 |   0.0 |       0 |      37 |   0.0 |  1293
        Lair:5 |       0 |    9856 |   0.0 |       0 |      23 |   0.0 |  1698
        Lair:6 |       0 |   18500 |   0.0 |       0 |      91 |   0.0 |  1876
       Swamp:1 |       0 |    5713 |   0.0 |       0 |      11 |   0.0 |   898
       Swamp:2 |       0 |    8280 |   0.0 |       0 |      26 |   0.0 |  1374
       Swamp:3 |       0 |   10324 |   0.0 |       0 |      25 |   0.0 |  1863
       Swamp:4 |       0 |   29559 |   0.0 |       0 |      54 |   0.0 |  2299
               +---------+---------+-------+---------+---------+-------+---------

Vault maps used:
D:1:      wheals_arrival_linesprint
D:2:      okawaru_altar_gauntlet_db
D:3:      uniq_jessica
D:4:      first_ration, uniq_duvessa, uniq_robin
D:5:      basic_altar, st_stairs_7, grunt_decor_mini_mirrors
D:6:      nicolae_ru_great_annihilating_truth, led_sif_pool,
          yredelemnul_altar_generic, serial_shops, shop, minivault_24,
          minmay_misc_feat_room, nicolae_qazlal_eye_of_the_storm
D:7:      gammafunk_beogh_shrine, temple_hall
D:8:      minmay_opposing_rooms, fiery_altar_vehumet, uniq_grum
D:9:      cheibrodos_barr_body, grunt_lair_entry_orc_guard_hut
Lair:1:   st_stairs_6, minmay_hedge_maze, lemuel_fruit_fields, uniq_sonja,
          uniq_erica
Lair:2:   cheibrodos_lair_overgrown_chateau,
          nicolae_swamp_entry_splash_gauntlet, special_room, st_stairs_3
Lair:3:   uniq_nergalle
Lair:4:   nicolae_spider_entry_non_spiders, grunt_megastairs_3,
          serial_bayou_shore_a, uniq_josephine
Lair:5:   grunt_forest_small_clearing_treed
Lair:6:   minmay_lair_end_enchanted_forest, nicolae_slime_entry_slimehenge,
          wad_woods_road_05
Swamp:1:  evilmike_swamp_ruin_house_6, infiniplex_staircase_pool, uniq_nikola
Swamp:2:  evilmike_swamp_ruin_house_2, swamp_pool1
Swamp:3:  hangedman_swamp_ruin_wall
Swamp:4:  swamp_old_school

Table legend:
 A = Turns spent in this place as a percentage of turns spent in the entire game.
 B = Non-inter-level travel turns spent in this place as a percentage of non-inter-level travel turns spent in the entire game.
 C = Inter-level travel turns spent in this place as a percentage of turns spent in this place.
 D = Turns resting spent in this place as a percentage of non-inter-level travel turns spent in this place.
 E = Turns spent auto-exploring this place as a percentage of non-inter-level travel turns spent in this place.
 F = Non-inter-level travel turns spent in this place divided by the number of levels of this place that you've seen.
                   A       B       C       D       E      F
               +-------+-------+-------+-------+-------+----------------------
         Total | 100.0 | 100.0 |   6.8 |  32.0 |  48.3 | 1310.1
       Dungeon |  37.6 |  36.1 |  10.6 |  23.2 |  61.2 | 998.9
          Lair |  38.3 |  38.4 |   6.6 |  27.8 |  48.4 | 1592.2
         Swamp |  24.1 |  25.5 |   1.3 |  50.9 |  29.9 | 1587.2
               +-------+-------+-------+-------+-------+----------------------

Table legend:
 A = Kills in this place as a percentage of kills in entire the game.
 B = Kills by you in this place as a percentage of kills by you in the entire game.
 C = Kills by friends in this place as a percentage of kills by friends in the entire game.
 D = Other kills in this place as a percentage of other kills in the entire game.
 E = Experience gained in this place as a percentage of experience gained in the entire game.
 F = Experience gained in this place divided by the number of levels of this place that you have seen.
                   A       B       C       D       E      F
               +-------+-------+-------+-------+-------+----------------------
         Total | 100.0 | 100.0 | 100.0 | 100.0 | 100.0 | 6545.7
       Dungeon |  39.1 |  39.5 |   0.0 |   0.0 |   9.4 | 1295.4
          Lair |  41.5 |  41.8 |   0.0 |   0.0 |  47.3 | 9805.7
         Swamp |  19.4 |  18.7 | 100.0 | 100.0 |  43.3 | 13469.0
               +-------+-------+-------+-------+-------+----------------------
